 Dungeon Crawl Stone Soup version 0.29-a0-350-g7790a0e70a (console) character file.

Game seed: 2346169092276509966

572 jejorda2 the Cutter (level 7, -1/56 HPs)
             Began as a Merfolk Berserker on Apr 22, 2022.
             Was a Follower of Trog.
             Slain by Crazy Yiuf
             ... wielding a +4 quarterstaff of chaos
              (6 damage)
             ... on level 4 of the Dungeon.
             The game lasted 00:09:32 (3231 turns).

jejorda2 the Cutter (Merfolk Berserker)             Turns: 3231, Time: 00:09:33

Health: -1/56      AC: 11    Str: 18    XL:     7   Next: 34%
Magic:  7/7        EV:  8    Int:  6    God:    Trog [*.....]
Gold:   152        SH:  0    Dex: 15    Spells: 6/6 levels left

rFire   . . .      SeeInvis .   a - +1 quick blade
rCold   . . .      Faith    .   (no shield)
rNeg    . . .      Spirit   .   i - +0 chain mail
rPois   .          Reflect  .   (no helmet)
rElec   .          Harm     .   q - +0 cloak
rCorr   .          Rampage  .   s - +0 pair of gloves
Will    .....                   (no boots)
Stlth   ..........              (no amulet)
HPRegen 0.18/turn               (no ring)
MPRegen 0.10/turn               (no ring)

@: on berserk cooldown, slowed, very slow
A: (nimble swimmer 2), mertail
a: Renounce Religion, Berserk


You were on level 4 of the Dungeon.
You worshipped Trog.
Trog was aware of your devotion.
You visited 1 branch of the dungeon, and saw 4 of its levels.
You visited the Abyss 1 time.

You collected 152 gold pieces.

Inventory:

Hand Weapons
 a - a +1 quick blade (weapon)
Missiles
 h - 73 stones (quivered)
 t - a throwing net
 v - 6 poisoned darts
Armour
 i - a +0 chain mail (worn)
 p - a +0 scale mail
 q - a +0 cloak (worn)
 s - a +0 pair of gloves (worn)
Scrolls
 f - 2 scrolls of enchant weapon
Potions
 e - 3 potions of attraction
 g - 4 potions of curing
 j - a potion of might
 n - a potion of magic {unknown}
 o - a potion of degeneration {unknown}
 r - 2 potions of flight
 w - a potion of invisibility {unknown}


   Skills:
 + Level 5.2 Fighting
 * Level 5.5(6.3) Short Blades
 - Level 4.7(5.9) Long Blades
 + Level 3.1 Armour
 - Level 2.6 Dodging


You had 6 spell levels left.
You didn't know any spells.
Your spell library was empty.

Dungeon Overview and Level Annotations

Branches:
Dungeon (4/15)
 Temple: D:4-7

Altars:
Trog

Annotations:
D:4 Crazy Yiuf


Innate Abilities, Weirdness & Mutations

((You are very nimble when in or above water. (Stealth+, EV+, Speed+++)))
Your lower body shifts to a powerful aquatic tail in water.


Message History

You hit the ice beast.
The ice beast is severely wounded.
You barely miss the ice beast.
The ice beast is severely wounded.
The ice beast barely misses you.
You barely miss the ice beast.
The ice beast is severely wounded.
You hit the ice beast.
The ice beast is almost dead.
You puncture the ice beast!
You kill the ice beast!
That felt strangely unrewarding.
You start resting.
The substance of the Abyss twists violently, and a gateway leading out appears!
Unknown command.
You feel a strong urge to attack something.
You pass through the gate.
Welcome back to the Dungeon!
You hear the sound of rushing water.
There is an entrance to a sewer on this level.
Hurry and find it before the portal rusts away!
Level annotation: Crazy Yiuf You hear the rusting of a very distant drain.
You are no longer berserk.
You are exhausted.
You feel yourself slow down.
Crazy Yiuf hits you with a +4 quarterstaff of chaos.
* * * LOW HITPOINT WARNING * * *
You barely miss Crazy Yiuf.
Crazy Yiuf is lightly wounded.
Throw: 2 throwing nets
Press: ? - help, Shift-Dir - straight line, f - Crazy Yiuf
Aim: Crazy Yiuf, wielding a +4 quarterstaff of chaos and wearing a +1 cloak of preservation (lightly wounded, 64% to hit)
You throw a throwing net.
The throwing net completely misses Crazy Yiuf.
Crazy Yiuf hits you with a +4 quarterstaff of chaos!
* * * LOW HITPOINT WARNING * * *
Crazy Yiuf burns you.
* * * LOW HITPOINT WARNING * * *
Crazy Yiuf hits you with a +4 quarterstaff of chaos.
You die...

#....#
#....#
♣....♣
♣♣...♣
♣♣.♣♣
♣♣.♣
♣.♣♣
♣♣g♣
♣@♣♣
#'#
...
#...#
#)..#
#####


You could see Crazy Yiuf.

Vanquished Creatures
  Grinder (D:3)
  An ice beast (Abyss:1)
  2 ogres
  A scorpion (D:3)
  Dowan (D:4)
  An iguana (D:3)
  2 small abominations (Abyss:1)
  An adder (D:2)
  2 worms (D:2)
  3 dart slugs (D:1)
  6 ball pythons
  6 bats
  3 endoplasms
  2 giant cockroaches
  7 goblins
  5 hobgoblins
  4 jackals (D:1)
  5 kobolds
  5 frilled lizards
  5 rats
63 creatures vanquished.

Notes
Turn   | Place    | Note
-------+----------+-------------------------------------------
     0 | D:1      | jejorda2 the Merfolk Berserker began the quest for the Orb.
     0 | D:1      | Reached XP level 1. HP: 18/18 MP: 1/1
   230 | D:1      | Reached XP level 2. HP: 21/24 MP: 2/2
   347 | D:1      | Found a bloodstained altar of Trog.
   765 | D:1      | Reached XP level 3. HP: 2/29 MP: 3/3
  1772 | D:2      | Reached XP level 4. HP: 26/37 MP: 4/4
  1874 | D:2      | Found a faded altar of an unknown god.
  2025 | D:2      | Reached skill level 1 in Short Blades
  2107 | D:2      | Reached ** piety under Trog
  2287 | D:3      | Noticed a scorpion
  2311 | D:3      | Killed a scorpion
  2312 | D:3      | Reached XP level 5. HP: 23/42 MP: 5/5
  2525 | D:3      | Noticed an ogre
  2537 | D:3      | Killed an ogre
  2642 | D:3      | Noticed Grinder
  2655 | D:3      | Killed Grinder
  2656 | D:3      | Reached XP level 6. HP: 50/50 MP: 6/6
  2841 | D:3      | Reached skill level 5 in Fighting
  2841 | D:3      | Reached XP level 7. HP: 32/56 MP: 7/7
  3036 | D:4      | Noticed Dowan
  3041 | D:4      | Reached skill level 5 in Short Blades
  3053 | D:4      | Killed Dowan
  3082 | D:4      | Found a runed translucent door.
  3083 | D:4      | Noticed Crazy Yiuf
  3097 | D:4      | Cast into level 1 of the Abyss (Crazy Yiuf)
  3207 | Abyss:1  | Noticed a small abomination
  3218 | Abyss:1  | Killed a small abomination
  3229 | D:4      | Escaped the Abyss
  3231 | D:4      | Slain by Crazy Yiuf

Illustrated notes

Levels and vault maps discovered:
D:1:      giann_wishing_wells, layout_loops_ring, minmay_hexomino_r4
D:2:      cheibrodos_helix_gallery, layout_rooms,
          dreamdust_ecumenical_altar_statues, serial_curves, eino_curves_04,
          eino_curves_03
D:3:      layout_basic, uniq_grinder
D:4:      layout_cave_pools, nicolae_dithmenos_the_darkroom,
          minmay_temple_entry_hall, portal_sewer_entry_e, uniq_duvessa,
          uniq_crazy_yiuf_cottage, uniq_eustachio, uniq_edmund

Skill      XL: |  1  2  3  4  5  6  7 |
---------------+----------------------+-----
Long Blades    | 4 |  4.7
Short Blades   | 2 4 5 |  5.5
Armour         | 2 3 |  3.1
Fighting       | 4 5 |  5.2
Dodging        | |  2.6

Action                   |  1- 3 |  4- 6 |  7- 9 || total
-------------------------+-------+-------+-------++-------
Melee: Falchion          |   126 |       |       ||   126
       Quick blade       |    15 |   111 |    56 ||   182
       Punch             |     1 |     1 |     1 ||     3
       Tailslap          |       |       |     1 ||     1
Throw: Stone             |     9 |    12 |     3 ||    24
       Throwing net      |       |       |     1 ||     1
Invok: Berserk           |     2 |     3 |     2 ||     7
       Trog's Hand       |       |       |     2 ||     2
  Use: Scroll            |       |       |    10 ||    10
       Potion            |       |       |     2 ||     2
 Stab: Sleeping          |     1 |       |       ||     1
Armor: Animal skin       |    34 |       |       ||    34
       Scale mail        |     2 |     1 |       ||     3
       Chain mail        |       |    21 |    13 ||    34
Dodge: Dodged            |   114 |    15 |    17 ||   146

Table legend: (Time is in decaauts)
 A = Elapsed time spent in this place.
 B = Non-inter-level travel time spent in this place.
 C = Inter-level travel time spent in this place.
 D = Time resting spent in this place.
 E = Time spent auto-exploring this place.
 F = Levels seen in this place.
 G = Mean time per level.
                   A        B        C        D        E       F      G
               +--------+--------+--------+--------+--------+-----+--------+
         Total |   3196 |   3135 |     61 |    737 |   1674 |   5 |  639.2 |
       Dungeon |   3090 |   3029 |     61 |    727 |   1657 |   4 |  772.5 |
         Abyss |    106 |    106 |      0 |     10 |     17 |   1 |  106.0 |
               +--------+--------+--------+--------+--------+-----+--------+

Top non-repeatable levels by time:
     D:1: 1571 daAuts
     D:3: 803 daAuts
     D:2: 650 daAuts
 Abyss:1: 106 daAuts
     D:4: 65 daAuts
